 Dungeon Crawl Stone Soup version 0.29-a0-700-g2f1814c7b2 (webtiles) character file.

Game seed: 11400583251595587117

3712 wingedge the Frost Mage (level 10, -1/74 HPs)
             Began as a Merfolk Ice Elementalist on June 25, 2022.
             Was an Initiate of Vehumet.
             Slain by an orc
             ... wielding a +0 hand axe
              (8 damage)
             ... on level 8 of the Dungeon on June 26, 2022.
             The game lasted 01:06:27 (9786 turns).

wingedge the Frost Mage (Merfolk Ice Elementalist)  Turns: 9786, Time: 01:06:28

Health: -1/74      AC: -3    Str:  9    XL:     10   Next: 14%
Magic:  7/18       EV: 15    Int: 19    God:    Vehumet [......]
Gold:   549        SH:  0    Dex: 14    Spells: 13/20 levels left

rFire   + . .      SeeInvis .   b - +0 hand crossbow (chaos)
rCold   + . .      Faith    .   (no shield)
rNeg    . . .      Spirit   .   B - +1 robe {rC+}
rPois   +          Reflect  .   l - +2 helmet
rElec   .          Harm     .   v - +2 cloak
rCorr   .          Rampage  .   (no gloves)
Will    .....                   (no boots)
Stlth   ++........              (no amulet)
HPRegen 0.22/turn               c - ring of poison resistance
MPRegen 0.16/turn               q - ring of protection from fire

@: about to teleport, corroded
A: (nimble swimmer 2), mertail
a: Renounce Religion


You were on level 8 of the Dungeon.
You worshipped Vehumet.
Vehumet was noncommittal.
You visited 2 branches of the dungeon, and saw 9 of its levels.
You also visited: Sewer.

You collected 549 gold pieces.

Inventory:

Hand Weapons
 a - a +4 short sword of flaming
 b - a +0 hand crossbow of chaos (weapon)
Missiles
 w - 2 curare-tipped darts
Armour
 l - a +2 helmet (worn)
 v - a +2 cloak (worn)
 B - a +1 robe of cold resistance (worn)
Jewellery
 c - a ring of poison resistance (left hand)
 q - a ring of protection from fire (right hand)
 y - an amulet of guardian spirit
Wands
 t - a wand of polymorph (7)
Scrolls
 f - 2 scrolls of magic mapping
 h - a scroll of vulnerability
 o - 2 scrolls of immolation
 u - a scroll of poison
 x - a scroll of torment
Potions
 d - 2 potions of might
 g - a potion of brilliance {unknown}
 i - a potion of lignification {unknown}
 k - 3 potions of cancellation
 n - 5 potions of flight
 p - a potion of invisibility {unknown}
 r - 3 potions of mutation
 z - 2 potions of ambrosia {unknown}
 A - 2 potions of curing


   Skills:
 + Level 5.2 Fighting
 + Level 6.6 Short Blades
 + Level 6.5 Dodging
 - Level 2.1 Stealth
 + Level 5.5 Spellcasting
 - Level 5.0 Conjurations
 + Level 1.0 Hexes
 * Level 9.1 Ice Magic


You had 13 spell levels left.
You knew the following spells:

 Your Spells              Type           Power      Damage    Failure   Level
a - Freeze                Ice            100%       1d11      1%          1
b - Ozocubu's Armour      Ice            40%        N/A       1%          3
d - Frozen Ramparts       Ice            80%        1d10      1%          3

Your spell library contained the following spells:

 Spells                   Type           Power      Damage    Failure   Level
 Hailstorm                Conj/Ice       32%        3d8       6%          4
 Slow                     Hex            36%        N/A       8%          1
 Confusing Touch          Hex            9%         N/A       24%         3
 Gell's Gravitas          Tloc           5%         N/A       34%         3
 Lesser Beckoning         Tloc           5%         N/A       34%         3
 Teleport Other           Tloc           5%         N/A       34%         3
 Vampiric Draining        Necr           5%         2d6       34%         3
 Airstrike                Air            2%         N/A       75%         4
 Summon Lightning Spire   Summ/Air       5%         N/A       75%         4
 Lightning Bolt           Conj/Air       7%         1d19      75%         5
 Dispersal                Tloc           2%         N/A       100%        6
 Disjunction              Tloc           2%         N/A       100%        8


Dungeon Overview and Level Annotations

Branches:
Dungeon (8/15)             Temple (1/1) D:7           Sewer (visited)
   Lair: D:8-11

Altars:
Ashenzari
Dithmenos
Elyvilon
Fedhas
Gozag
Hepliaklqana
Kikubaaqudgha
Nemelex Xobeh
Okawaru
Qazlal
Ru
Sif Muna
Uskayaw
Vehumet
Wu Jian
Xom
Yredelemnul
Zin
The Shining One


Innate Abilities, Weirdness & Mutations

((You are very nimble when in or above water. (Stealth+, EV+, Speed+++)))
Your lower body shifts to a powerful aquatic tail in water.


Message History

Okay, then.
Casting: Ozocubu's Armour (safe; 1% risk of failure)
Confirm with . or Enter, or press ? or * to list all spells.
Okay, then.
Casting: Ozocubu's Armour (safe; 1% risk of failure)
Confirm with . or Enter, or press ? or * to list all spells.
A film of ice covers your body!
The orc wizard gestures at you while chanting.
The magic dart hits you.
* * * LOW HITPOINT WARNING * * *
The orc hits you but does no damage.
Casting: Ozocubu's Armour (safe; 1% risk of failure)
Confirm with . or Enter, or press ? or * to list all spells.
Casting: Frozen Ramparts (safe; 1% risk of failure)
Press: ? - help, Dir - look around, f - activate The walls around you are covered in ice.
Your surroundings seem slightly different.
Your icy armour cracks and falls away as you move.
The frozen ramparts melt away as you move.
The acid dragon spits acid at you. The splash of acid hits you!!
* * * LOW HITPOINT WARNING * * *
The acid corrodes you!
You feel much better. The orc wizard casts a spell at you.
The puff of flame hits you. You resist.
The air fills with toxic fumes!
As you read the scroll of poison, it crumbles to dust.
The orc wizard hits you with a +0 dagger.
* * * LOW HITPOINT WARNING * * *
The orc closely misses you. The orc hits you with a +0 club.
* * * LOW HITPOINT WARNING * * *
As you read the scroll of teleportation, it crumbles to dust.
You feel strangely unstable. The acid dragon barely misses you.
The acid dragon claws you.
* * * LOW HITPOINT WARNING * * *
The orc wizard hits you with a +0 dagger.
* * * LOW HITPOINT WARNING * * *
The orc hits you with a +0 hand axe!
You die...

.# ...# §§### §§♣
#§§#.####§#
#§§##§§§§§# #.#
#§§§§§§§§§##
#...§###§§§§§§§§§§#
....§§§§§§§.§§§§§§§..#
..#....#§§oD§§§§§§§.##
#....#§§o@§§§§§§§.#
....§§§§§§o§§#§§§§§.#
...##§§§§§§§§§§.§####
.. §§§#§§§§§#§§§# .
.§§.#§§§§##§###
.§..§§§§## # §§§§§
§§#§§§


You could see an acid dragon, an orc wizard and 2 orcs.

Vanquished Creatures
  Sigmund (D:2)
  Eustachio (D:4)
  A wyvern (D:7)
  An acid dragon (D:8)
  Duvessa (D:4)
  A water moccasin (D:6)
  2 ice beasts (D:6)
  2 sky beasts (D:7)
  A black bear (D:6)
  An ogre (D:4)
  3 centaurs
  3 phantoms
  3 kobold brigands
  6 bullfrogs
  2 necrophages
  3 scorpions
  Dowan (D:4)
  2 howler monkeys (D:6)
  2 hounds
  3 jellies
  Crazy Yiuf (D:2)
  2 orc priests
  Terence (D:3)
  5 iguanas
  4 orc wizards
  Robin (D:3)
  3 gnolls (D:3)
  14 adders
  5 river rats (Sewer)
  2 shadow imps
  A white imp (D:7)
  3 worms
  15 dart slugs
  16 orcs
  12 ball pythons
  4 endoplasms
  4 giant cockroaches
  8 hobgoblins
  5 jackals
  16 kobolds
  2 quokkas
  13 bats
  4 frilled lizards
  14 goblins
  8 rats
203 creatures vanquished.

Vanquished Creatures (others)
  56 plants (D:5)
56 creatures vanquished.

Grand Total: 259 creatures vanquished

Notes
Turn   | Place    | Note
-------+----------+-------------------------------------------
     0 | D:1      | wingedge the Merfolk Ice Elementalist began the quest for
                  | the Orb.
     0 | D:1      | Reached XP level 1. HP: 13/13 MP: 3/3
   279 | D:1      | Reached XP level 2. HP: 19/19 MP: 3/5
  1120 | D:2      | Found a runed translucent door.
  1121 | D:2      | Noticed Crazy Yiuf
  1171 | D:2      | Noticed Sigmund
  1254 | D:2      | Reached XP level 3. HP: 24/24 MP: 6/6
  1682 | D:2      | Reached skill level 5 in Ice Magic
  1872 | D:3      | Noticed Terence
  1886 | D:3      | Killed Terence
  1887 | D:3      | Reached skill level 1 in Fighting
  1887 | D:3      | Reached XP level 4. HP: 16/32 MP: 1/8
  2177 | D:3      | Found a faded altar of an unknown god.
  2621 | D:2      | Learned a level 3 spell: Frozen Ramparts
  2625 | D:2      | Learned a level 3 spell: Ozocubu's Armour
  2941 | D:3      | Noticed Robin
  2947 | D:3      | Killed Robin
  3085 | D:3      | Found an ornate altar of the Wu Jian Council.
  3100 | D:3      | Reached XP level 5. HP: 27/37 MP: 1/10
  3599 | D:4      | Noticed a phantom
  3647 | D:4      | Killed a phantom
  3648 | D:4      | Reached skill level 1 in Short Blades
  3648 | D:4      | Reached XP level 6. HP: 16/44 MP: 4/11
  3781 | D:4      | Found a glowing drain.
  3802 | Sewer    | Entered a sewer
  3824 | Sewer    | Reached skill level 1 in Conjurations
  4051 | Sewer    | Reached skill level 6 in Ice Magic
  4693 | D:4      | Noticed Eustachio
  4771 | D:4      | Noticed Dowan
  4772 | D:4      | Noticed Duvessa
  4785 | D:4      | Killed Duvessa
  4786 | D:4      | Reached XP level 7. HP: 29/51 MP: 3/12
  4787 | D:4      | Killed Eustachio
  4790 | D:4      | Killed Dowan
  5126 | D:4      | You fall into a shaft and drop 2 floors!
  5180 | D:6      | Reached XP level 8. HP: 57/57 MP: 4/14
  5379 | D:5      | Entered Level 5 of the Dungeon
  5616 | D:4      | Reached skill level 7 in Ice Magic
  6154 | D:5      | Found a hide-covered altar of Uskayaw.
  6323 | D:5      | Reached skill level 5 in Short Blades
  6560 | D:5      | Reached skill level 5 in Dodging
  6560 | D:5      | Reached XP level 9. HP: 65/65 MP: 16/16
  6791 | D:5      | Found a shadowy altar of Dithmenos.
  7012 | D:2      | Killed Sigmund
  7231 | D:2      | Killed Crazy Yiuf
  7526 | D:6      | Reached skill level 8 in Ice Magic
  7561 | D:6      | Reached skill level 5 in Spellcasting
  8732 | D:7      | Reached skill level 5 in Conjurations
  8852 | D:7      | Reached XP level 10. HP: 70/73 MP: 18/18
  8881 | D:7      | Reached skill level 5 in Fighting
  9164 | D:7      | Reached skill level 9 in Ice Magic
  9384 | D:7      | Found a staircase to the Ecumenical Temple.
  9390 | Temple   | Entered the Ecumenical Temple
  9530 | Temple   | Became a worshipper of Vehumet
  9676 | D:8      | Reached skill level 1 in Hexes
  9773 | D:8      | Found a glowing golden altar of the Shining One.
  9783 | D:8      | HP: 2/74 [acid dragon/splash of acid (20)]
  9786 | D:8      | Slain by an orc

Illustrated notes

Levels and vault maps discovered:
D:1:      tarquinn_simple_flora_water_a, layout_loops_ring
D:2:      layout_loops_ring, minmay_pentomino_q4, uniq_crazy_yiuf_cottage,
          uniq_sigmund
D:3:      layout_basic, mainiacjoe_overflow_concentric_impassable,
          ebering_ecumenical_altar_mist, uniq_robin, uniq_terence
D:4:      kennysheep_slugbush, layout_gridville, gup_sewer_entry_glass,
          uniq_eustachio, uniq_duvessa
D:5:      layout_basic, eat_drink_and_be_merry_uskayaw,
          mainiacjoe_overflow_cross_hatched, kennysheep_boxes
D:6:      layout_rooms, minmay_increasing_density
D:7:      layout_loops_corners, minmay_temple_entry_fiery, hex_tiny
D:8:      layout_cave_pools, tso_altar
Temple:   bh_familiar_temple

Skill      XL: |  1  2  3  4  5  6  7  8  9 10 |
---------------+-------------------------------+-----
Dodging        | 3 4 5 6 |  6.5
Ice Magic      | 5 6 7 8 9 |  9.1
Fighting       | 1 2 3 4 5 |  5.2
Spellcasting   | 3 4 5 |  5.5
Short Blades   | 1 2 3 5 6 |  6.6
Conjurations   | 1 2 3 5 |  5.0
Hexes          | 1 |  1.0
Stealth        | |  2.1

Action                   |  1- 3 |  4- 6 |  7- 9 | 10-12 || total
-------------------------+-------+-------+-------+-------++-------
Melee: Club              |     3 |       |       |       ||     3
       Short sword       |    23 |   157 |   143 |    27 ||   350
       Dagger            |     1 |       |       |       ||     1
       Tailslap          |       |     8 |       |       ||     8
       Punch             |       |     3 |     1 |       ||     4
 Fire: Hunting sling     |       |     1 |       |       ||     1
       Hand crossbow     |       |    31 |   116 |    15 ||   162
Throw: Throwing net      |     1 |       |       |       ||     1
       Dart              |       |     4 |       |       ||     4
 Cast: Freeze            |    35 |    43 |    13 |    13 ||   104
       Ozocubu's Armour  |       |    20 |    32 |     3 ||    55
       Frozen Ramparts   |       |     7 |    29 |     7 ||    43
  Use: Scroll            |       |    13 |     9 |     4 ||    26
       Potion            |       |     4 |       |     2 ||     6
 Stab: Sleeping          |     5 |     5 |     1 |       ||    11
Armor: Robe              |     4 |    93 |    58 |    18 ||   173
Dodge: Dodged            |    24 |   163 |    91 |    25 ||   303

Table legend: (Time is in decaauts)
 A = Elapsed time spent in this place.
 B = Non-inter-level travel time spent in this place.
 C = Inter-level travel time spent in this place.
 D = Time resting spent in this place.
 E = Time spent auto-exploring this place.
 F = Levels seen in this place.
 G = Mean time per level.
                   A        B        C        D        E       F      G
               +--------+--------+--------+--------+--------+-----+--------+
         Total |   9680 |   9258 |    422 |   3076 |   3441 |  10 |  968.0 |
       Dungeon |   8787 |   8377 |    410 |   2783 |   3183 |   8 | 1098.4 |
        Temple |    170 |    158 |     12 |      0 |    149 |   1 |  170.0 |
         Sewer |    723 |    723 |      0 |    293 |    109 |   1 |  723.0 |
               +--------+--------+--------+--------+--------+-----+--------+

Top non-repeatable levels by time:
     D:2: 1707 daAuts
     D:3: 1352 daAuts
     D:7: 1336 daAuts
     D:4: 1264 daAuts
     D:5: 1179 daAuts
     D:6: 938 daAuts
     D:1: 880 daAuts
   Sewer: 723 daAuts
  Temple: 170 daAuts
     D:8: 128 daAuts
